 Dungeon Crawl Stone Soup version 0.29.0-4-gdea44cf6ec (webtiles) character file.

Game seed: 15313722025592755461

9 qw the Sneak (level 2, -2/19 HPs)
             Began as a Gargoyle Delver on Sept 10, 2022.
             Was an Initiate of Okawaru.
             Slain by Blork the orc
             ... wielding a +0 short sword
              (5 damage)
             ... on level 4 of the Dungeon.
             The game lasted 00:00:06 (120 turns).

qw the Sneak (Gargoyle Delver)                       Turns: 120, Time: 00:00:06

Health: -2/19      AC:  5    Str: 15    XL:     2   Next: 16%
Magic:  2/2        EV: 11    Int: 10    God:    Okawaru [......]
Gold:   14         SH:  0    Dex: 11    Spells: 1/1 levels left

rFire   . . .      SeeInvis .   a - +0 hand axe
rCold   . . .      Faith    .   (no shield)
rNeg    + . .      Spirit   .   b - +0 leather armour
rPois   inf        Reflect  .   (no helmet)
rElec   +          Harm     .   (no cloak)
rCorr   .          Rampage  .   (no gloves)
Will    .....                   (no boots)
Stlth   +++.......              (no amulet)
HPRegen 0.06/turn               (no ring)
MPRegen 0.08/turn               (no ring)

@: no status effects
A: sickness immunity, AC +2, negative energy resistance 1, electricity
resistance, torment resistance 1, petrification resistance
a: Renounce Religion


You were on level 4 of the Dungeon.
You worshipped Okawaru.
Okawaru was noncommittal.
You visited 2 branches of the dungeon, and saw 3 of its levels.

You collected 14 gold pieces.


Innate Abilities, Weirdness & Mutations

You are immune to sickness and miasma.
Your stone body is resilient. (AC +2)
You are immune to poison.
You resist negative energy. (rN+)
You are resistant to electric shocks. (rElec)
You are resistant to unholy torment.
You are immune to petrification.


   Skills:
 - Level 3.2 Fighting
 + Level 2.5 Axes
 - Level 1.5 Dodging
 - Level 5.4 Stealth


You had one spell level left.
You didn't know any spells.
Your spell library was empty.

Inventory:

Hand Weapons
 a - a +0 hand axe (weapon)
Armour
 b - a +0 leather armour (worn)
Wands
 g - a wand of digging (3)
Potions
 f - a potion of haste

Dungeon Overview and Level Annotations

Branches:
Dungeon (5/15)             Temple (1/1) D:5

Altars:
Cheibriados
Hepliaklqana
Makhleb
Nemelex Xobeh
Okawaru
Uskayaw
Wu Jian
Yredelemnul

Annotations:
D:4 Blork the orc


Message History

Waypoint 1 re-assigned from Temple to D:4.
Enter note: You hit Blork the orc but do no damage.
You punch Blork the orc, but do no damage.
Blork the orc barely misses you.
You hit Blork the orc but do no damage. Blork the orc closely misses you.
You barely miss Blork the orc.
Blork the orc hits you but does no damage.
You barely miss Blork the orc.
Blork the orc gestures at you while chanting.
The magic dart hits you.
You hit Blork the orc.
Blork the orc is lightly wounded.
Blork the orc screams, "I'll eat your brain!
And then I'll vomit it back up!"
Blork the orc hits you but does no damage.
You closely miss Blork the orc.
Blork the orc is lightly wounded.
Blork the orc points at you and mumbles some strange words.
The magic dart hits you. Blork the orc barely misses you.
You hit Blork the orc.
Blork the orc is moderately wounded.
Blork the orc misses you.
You hit Blork the orc but do no damage.
Blork the orc is moderately wounded.
Blork the orc points at you and mumbles some strange words.
The magic dart hits you!
You hit Blork the orc.
Blork the orc is moderately wounded.
Blork the orc barely misses you.
You barely miss Blork the orc.
Blork the orc is moderately wounded.
Blork the orc begins to cast a cantrip, but forgets the words!
You hit Blork the orc.
Blork the orc is moderately wounded.
Blork the orc barely misses you.
You barely miss Blork the orc.
Blork the orc is moderately wounded.
Blork the orc hits you with a +0 short sword.
You die...

##
#########..##
##......o....#
.......@...#
..........##
..........#
.........##
........##
........#
##.....##
##...#


You could see Blork the orc.

Vanquished Creatures
  An adder (D:5)
1 creature vanquished.

Notes
Turn   | Place    | Note
-------+----------+-------------------------------------------
     0 | D:5      | qw the Gargoyle Delver began the quest for the Orb.
     0 | D:5      | Reached XP level 1. HP: 14/14 MP: 1/1
     0 | D:5      | 0 ||| qw: Version: 0.1-a-116-g5d60599
     0 | D:5      | 0 ||| qw: Game counter: 8788
     0 | D:5      | 0 ||| qw: Always use a shield: true
     0 | D:5      | 0 ||| qw: God list: Okawaru
     0 | D:5      | 0 ||| qw: Allow faded altars: false
     0 | D:5      | 0 ||| qw: Do Orc after D:15 true
     0 | D:5      | 0 ||| qw: Do second Lair branch before Depths: true
     0 | D:5      | 0 ||| qw: Lair rune preference: random
     0 | D:5      | 0 ||| qw: Plans: Normal
     0 | D:5      | 0 ||| PLANNING D:1-11
     9 | D:5      | Found a staircase to the Ecumenical Temple.
    11 | D:5      | 11 ||| PLANNING TEMPLE
    11 | D:5      | 11 ||| DROPPING scroll of fog.
    12 | D:5      | 12 ||| DROPPING scroll of magic mapping.
    13 | D:5      | 13 ||| DROPPING scroll of fear.
    14 | D:5      | 14 ||| Stepping ~*~*~tactically~*~*~ (stealth).
    21 | D:5      | 21 ||| Stepping ~*~*~tactically~*~*~ (stealth).
    26 | Temple   | Entered the Ecumenical Temple
    38 | Temple   | 38 ||| PLANNING D:1-11
    44 | Temple   | Became a worshipper of Warmaster Okawaru
    72 | D:5      | 72 ||| Stepping ~*~*~tactically~*~*~ (stealth).
    73 | D:5      | 73 ||| Stepping ~*~*~tactically~*~*~ (stealth).
    75 | D:5      | 75 ||| Stepping ~*~*~tactically~*~*~ (stealth).
    76 | D:5      | 76 ||| Stepping ~*~*~tactically~*~*~ (stealth).
    77 | D:5      | 77 ||| Stepping ~*~*~tactically~*~*~ (stealth).
    78 | D:5      | 78 ||| Stepping ~*~*~tactically~*~*~ (stealth).
    81 | D:5      | 81 ||| Stepping ~*~*~tactically~*~*~ (stealth).
    89 | D:5      | Reached XP level 2. HP: 18/19 MP: 2/2
   108 | D:4      | Noticed Blork the orc
   116 | D:4      | HP: 3/19 [Blork the orc/magic dart (7)]
   120 | D:4      | Slain by Blork the orc

Levels and vault maps discovered:
D:4:      layout_cave_pods, uniq_pikel, uniq_ijyb, uniq_blork_the_orc,
          uniq_grinder
D:5:      layout_rooms, minmay_temple_entry_junction_2
Temple:   hellmonk_temple_rainy

Skill      XL: |  1 |
---------------+----+-----
Axes           | 2 |  2.5
Fighting       | |  3.2
Dodging        | |  1.5
Stealth        | |  5.4

Action                   || total
-------------------------++-------
Melee: Hand axe          ||    18
       Punch             ||     1
Armor: Leather armour    ||     2
Dodge: Dodged            ||    13

Table legend:
 A = Non-vault XP
 B = Vault XP
 C = Vault XP percentage of total XP
 D = Non-vault monster count
 E = Vault monster count
 F = Vault count percentage of total count
                 A         B        C        D         E       F
            +---------+---------+-------+---------+---------+-------
      Total |      14 |       0 |   0.0 |       1 |       0 |   0.0
            +---------+---------+-------+---------+---------+-------
        D:5 |      14 |       0 |   0.0 |       1 |       0 |   0.0
            +---------+---------+-------+---------+---------+-------
